 Dungeon Crawl Stone Soup version 0.27-a0-1347-gd8886f0a89 (webtiles) character file.

Game seed: 340587336918615331

213 Brandom the Gusty (level 5, -4/32 HPs)
             Began as a Tengu Air Elementalist on June 27, 2021.
             Was a Priest of Wu Jian.
             Killed from afar by Terence (6 damage)
             ... with a puff of flame
             ... on level 3 of the Dungeon.
             The game lasted 00:18:14 (3268 turns).

Brandom the Gusty (Tengu Air Elementalist)          Turns: 3268, Time: 00:18:15

Health: -4/32      AC:  5    Str:  8    XL:     5   Next: 90%
Magic:  9/10       EV: 14    Int: 17    God:    Wu Jian [***...]
Gold:   78         SH:  0    Dex: 14    Spells: 2/9 levels left

rFire    . . .     SeeInvis .   h - +0 spear
rCold    . . .     Faith    .   (no shield)
rNeg     . . .     Spirit   .   s - +1 leather armour {rPois}
rPois    +         Reflect  .   (helmet restricted)
rElec    .         Harm     .   (no cloak)
rCorr    .         Rampage  .   g - +0 pair of gloves
Will     .....                  (boots unavailable)
Stlth    ++........             e - amulet of magic regeneration
HPRegen  0.10/turn              (no ring)
MPRegen  0.37/turn              (no ring)

@: flying quickly and evasively, quick
A: beak, talons 3, nimble flight
a: Renounce Religion, Wall Jump, Serpent's Lash


You were on level 3 of the Dungeon.
You worshipped Wu Jian.
Wu Jian was most pleased with you.
You visited 1 branch of the dungeon, and saw 3 of its levels.

You collected 78 gold pieces.

Inventory:

Hand Weapons
 f - a +0 dagger
   (You took it off a goblin on level 1 of the Dungeon)
 h - a +0 spear (weapon)
   (You found it on level 2 of the Dungeon)
 r - a +0 war axe of electrocution
   (You took it off an orc priest on level 2 of the Dungeon)
Armour
 a - a +0 robe
 g - a +0 pair of gloves (worn)
   (You found it on level 1 of the Dungeon)
 p - a +0 buckler
   (You found it on level 3 of the Dungeon)
 s - a +1 leather armour of poison resistance (worn)
   (You took it off an orc priest on level 2 of the Dungeon)
Jewellery
 e - an amulet of magic regeneration (around neck)
   (You found it on level 1 of the Dungeon)
 k - an amulet of regeneration
   (You found it on level 2 of the Dungeon)
Scrolls
 c - 2 scrolls of blinking {unknown}
 d - a scroll of enchant armour {unknown}
 i - a scroll of identify {unknown}
 j - a scroll of teleportation {unknown}
 m - a scroll of fog {unknown}
 n - a scroll of amnesia {unknown}
 q - a scroll of magic mapping {unknown}
Potions
 b - 2 potions of mutation {unknown}
 l - a potion of curing {@q1}
 o - a potion of berserk rage {unknown}


   Skills:
 * Level 3.0 Fighting
 + Level 3.3 Dodging
 - Level 2.0 Stealth
 + Level 2.7 Spellcasting
 + Level 3.0 Conjurations
 + Level 5.0 Air Magic


You had 2 spell levels left.
You knew the following spells:

 Your Spells              Type           Power      Damage    Failure   Level
a - Shock                 Conj/Air       64%        1d7       4%          1
b - Static Discharge      Conj/Air       16%        N/A       8%          2
c - Airstrike             Air            9%         N/A       32%         4

Your spell library contained the following spells:

 Spells                   Type           Power      Damage    Failure   Level
 Magic Dart               Conj           48%        1d5       8%          1
 Blink                    Tloc           N/A        N/A       36%         2
 Call Imp                 Summ           2%         N/A       36%         2
 Slow                     Hex            2%         N/A       36%         2
 Swiftness                Air            19%        N/A       10%         3
 Mephitic Cloud           Conj/Pois/Air  11%        N/A       26%         3
 Conjure Flame            Conj/Fire      7%         6-21      38%         3
 Lightning Bolt           Conj/Air       8%         1d20      80%         5


Dungeon Overview and Level Annotations

Branches:
Dungeon (3/15)

Altars:
Wu Jian

Shops:
D:1 :

Annotations:
D:3 Sigmund, Terence


Innate Abilities, Weirdness & Mutations

You have a beak for a mouth.
You have claws for feet.
Your magical nature lets you fly swiftly and evasively.


Message History

You start resting.
You see here a +0 mace.
There is a stone staircase leading down here.
You fly downwards.
Level annotation: Sigmund, Terence
There is a stone staircase leading up here.
Found a stone staircase leading down.
The zap hits Terence but does no damage. x2
Terence says, "Rest in peace."
Terence zaps a wand.
The puff of flame hits you.
Okay, then.
Okay, then.
The zap hits Terence but does no damage.
Terence is struck by an arc of lightning.
The lightning grounds out.
Terence zaps a wand.
The puff of flame hits you!
Terence is struck by an arc of lightning!
You are struck by an arc of lightning.
The lightning grounds out.
Terence hits you with a +2 short sword of protection!
* * * LOW HITPOINT WARNING * * *
Unknown command.
Terence says, "You're history."
Okay, then.
Okay, then.
Terence zaps a wand.
The puff of flame hits you!
* * * LOW HITPOINT WARNING * * *
Terence zaps a wand.
The puff of flame misses you.
Aim: Terence, wielding a +2 short sword of protection, wearing a +1 chain mail of poison resistance and carrying a wand of flame (19) (heavily wounded, 79% to hit)
The zap hits Terence but does no damage.
Aim: Terence, wielding a +2 short sword of protection, wearing a +1 chain mail of poison resistance and carrying a wand of flame (19) (heavily wounded, 79% to hit)
The zap hits Terence.
Aim: Terence, wielding a +2 short sword of protection, wearing a +1 chain mail of poison resistance and carrying a wand of flame (19) (heavily wounded, 79% to hit)
The zap misses Terence.
Terence zaps a wand.
The puff of flame hits you!
* * * LOW HITPOINT WARNING * * *
Aim: Terence, wielding a +2 short sword of protection, wearing a +1 chain mail of poison resistance and carrying a wand of flame (18) (heavily wounded, 79% to hit)
The zap hits Terence but does no damage.
Terence zaps a wand.
The puff of flame misses you.
Terence zaps a wand.
The puff of flame hits you but does no damage.
You see here a +0 club.
Terence zaps a wand.
The puff of flame hits you.
You die...

.##.##.######.#
#....o...# .##.....#
#.# #.########
.##.##.### #.#####.#
....o.@.<# #.......#
...<.#.### #.......#
.......# #.......#
..#.#### ##.......#
..#.# #).......#
..#.########<...@...#
....##......)°@°....#
#.####.#####...°....#
#.#........))°°°....#
#.#.................#
#.#.........#.......#
.............########
..........)..#
....###......####


You could see Terence.

Vanquished Creatures
  A hound (D:3)
  An orc priest (D:2)
  Robin (D:3)
  3 adders
  3 worms
  A dart slug (D:2)
  3 orcs
  11 ball pythons
  9 endoplasms
  3 giant cockroaches
  13 goblins
  6 hobgoblins
  12 jackals
  4 quokkas
  10 bats
  2 frilled lizards (D:2)
  4 kobolds
  5 rats
92 creatures vanquished.

Notes
Turn   | Place    | Note
-------+----------+-------------------------------------------
     0 | D:1      | Brandom the Tengu Air Elementalist began the quest for the
                  | Orb.
     0 | D:1      | Reached XP level 1. HP: 10/10 MP: 4/4
    59 | D:1      | Found Urei's Book Shoppe.
    74 | D:1      | Found a faded altar of an unknown god.
    80 | D:1      | Became a worshipper of the Wu Jian Council
    80 | D:1      | Reached * piety under Wu Jian
    90 | D:1      | Reached XP level 2. HP: 8/16 MP: 3/6
   158 | D:1      | Reached skill level 1 in Fighting
   246 | D:1      | Learned a level 2 spell: Static Discharge
   420 | D:1      | Reached XP level 3. HP: 20/20 MP: 4/7
   433 | D:1      | Reached ** piety under Wu Jian
  1017 | D:2      | Reached XP level 4. HP: 24/26 MP: 4/8
  1409 | D:2      | Reached *** piety under Wu Jian
  1447 | D:2      | Learned a level 4 spell: Airstrike
  1864 | D:3      | Gained mutation: Your magical nature lets you fly swiftly
                  | and evasively. [Tengu growth]
  1864 | D:3      | Reached XP level 5. HP: 29/31 MP: 5/9
  1866 | D:3      | Noticed Robin
  1908 | D:3      | Killed Robin
  2194 | D:3      | Noticed Sigmund
  2763 | D:3      | Noticed Terence
  3119 | D:2      | Reached skill level 5 in Air Magic
  3262 | D:3      | HP: 1/32 [Terence/puff of flame (7)]
  3268 | D:3      | Killed from afar by Terence

Illustrated notes

Levels and vault maps discovered:
D:1:      heliophobic_arrival_henge, layout_basic,
          ebering_ecumenical_altar_mist, serial_shops, shop
D:2:      layout_loops_cross, chequers_serial_rivers_micro_a,
          minmay_randomly_rotated_circles
D:3:      layout_basic, hangedman_decor_riveting, uniq_terence, uniq_sigmund,
          uniq_robin

Skill      XL: |  1  2  3  4  5 |
---------------+----------------+-----
Fighting       | 1 2 3 |  3.0
Conjurations   | 2 3 |  3.0
Dodging        | 3 |  3.3
Air Magic      | 5 |  5.0
Stealth        | |  2.0
Spellcasting   | |  2.7

Action                   |  1- 3 |  4- 6 || total
-------------------------+-------+-------++-------
Melee: Unarmed           |     1 |       ||     1
       Dagger            |     6 |       ||     6
       Spear             |     2 |     7 ||     9
       Kick              |     1 |       ||     1
       Peck              |     1 |       ||     1
 Cast: Shock             |    67 |   101 ||   168
       Static Discharge  |     1 |    14 ||    15
Invok: Whirlwind         |     6 |     1 ||     7
 Abil: Wall Jump         |       |     3 ||     3
Armor: Robe              |     7 |    11 ||    18
       Leather armour    |       |     1 ||     1
Dodge: Dodged            |    20 |    34 ||    54

Table legend: (Time is in decaauts)
 A = Elapsed time spent in this place.
 B = Non-inter-level travel time spent in this place.
 C = Inter-level travel time spent in this place.
 D = Time resting spent in this place.
 E = Time spent auto-exploring this place.
 F = Levels seen in this place.
 G = Mean time per level.
                   A        B        C        D        E       F      G
               +--------+--------+--------+--------+--------+-----+--------+
         Total |   3226 |   3055 |    171 |    758 |   1781 |   3 | 1075.3 |
       Dungeon |   3226 |   3055 |    171 |    758 |   1781 |   3 | 1075.3 |
               +--------+--------+--------+--------+--------+-----+--------+

Top non-repeatable levels by time:
     D:2: 1782 daAuts
     D:1: 941 daAuts
     D:3: 502 daAuts
